 Dungeon Crawl Stone Soup version 0.18.1-48-g4cf74bf (webtiles) character file.

7023 tyranidshit the Fighter (level 10, 0/103 HPs)
             Began as a Deep Dwarf Necromancer on July 20, 2016.
             Was a Believer of Makhleb.
             Slain by a wolf (7 damage)
             ... on level 1 of the Lair of Beasts.
             The game lasted 00:39:54 (6730 turns).

tyranidshit the Fighter (Deep Dwarf Necromancer)    Turns: 6730, Time: 00:39:55

Health: 0/103      AC: 13    Str: 21    XL:     10   Next: 82%
Magic:  5/5        EV: 13    Int: 17    God:    Makhleb [**....]
Gold:   163        SH: 11    Dex: 13    Spells: 1 memorised, 11 levels left

rFire  . . .     SeeInvis .     i - +0 war axe
rCold  . . .     Gourm    .     C - +2 scale mail of the Barracuda {Str+5}
rNeg   . . .     Faith    .     v - +0 shield
rPois  .         Spirit   .     (no helmet)
rElec  .         Dismiss  .     D - +2 cloak
rCorr  .         Reflect  .     (no gloves)
SustAt .         Harm     .     (no boots)
MR     +....     Rnd*Rage +     m - amulet of magic regeneration
Stlth  ++........               J - ring of stealth
                                e - +4 ring of slaying

@: non-regenerating, somewhat resistant to hostile enchantments, unstealthy
A: damage resistance, recharge devices, berserk 1, sense surroundings 2,
screaming 1, slow regeneration 3, strong 1
a: Device Recharging, Minor Destruction, Renounce Religion


You were on level 1 of the Lair of Beasts.
You worshipped Makhleb.
Makhleb was pleased with you.
You were not hungry.

You visited 3 branches of the dungeon, and saw 10 of its levels.
You also visited: Sewer.

You collected 525 gold pieces.
You spent 362 gold pieces at shops.

Inventory:

Hand Weapons
 a - a +0 blowgun
 i - a +0 war axe (weapon)
 w - a +1 whip of electrocution
Missiles
 q - 37 poisoned needles
Armour
 v - a +0 shield (worn)
 z - the +1 ring mail of Incorporation {rN+ Str+6}
   (You found it on level 4 of the Dungeon)

   It affects your strength (+6).
   It protects you from negative energy.
 C - the +2 scale mail of the Barracuda (worn) {Str+5}
   (You bought it in a shop on level 5 of the Dungeon)

   It affects your strength (+5).
 D - a +2 cloak (worn)
Jewellery
 b - an uncursed ring of protection from magic
 e - a +4 ring of slaying (left hand)
 m - an amulet of magic regeneration (around neck)
 o - an uncursed ring of magical power
 F - an uncursed ring of resist corrosion
 H - a +4 ring of intelligence
 J - a ring of stealth (right hand)
Wands
 c - a wand of heal wounds (0/9)
 k - a wand of acid (0/15)
 r - a wand of random effects (39/48)
 y - a wand of lightning (0/15)
 A - a wand of iceblast (4/15)
Scrolls
 f - 11 scrolls of remove curse
 j - 3 scrolls of fear
 l - 5 scrolls of identify
 u - a scroll of amnesia
 x - 2 scrolls of blinking
Potions
 d - 3 potions of curing
 p - 3 potions of flight
 t - a potion of invisibility
 B - a potion of mutation
 G - a potion of might {unknown}
Books
 h - a book of Necromancy

   Spells                             Type                      Level
   a - Pain                           Necromancy                   1
   b - Animate Skeleton               Necromancy                   1
   c - Vampiric Draining              Necromancy                   3
   d - Regeneration                   Charms/Necromancy            3
   e - Animate Dead                   Necromancy                   4
   f - Control Undead                 Necromancy                   4
Comestibles
 g - 4 meat rations
 s - 5 bread rations
 E - 5 beef jerkies
 I - 7 fruits


   Skills:
 - Level 10.7 Fighting
 + Level 8.4 Armour
 + Level 8.6 Dodging
 - Level 2.4 Stealth
 + Level 7.1 Shields
 - Level 1.9 Spellcasting
 - Level 5.0 Necromancy


You had 11 spell levels left.
You knew the following spells:

 Your Spells              Type           Power        Failure   Level  Hunger
a - Pain                  Necr           ###.         17%         1    #......


Dungeon Overview and Level Annotations

Branches:
Dungeon (8/15)             Temple (1/1) D:7            Lair (1/8) D:8

Altars:
Ashenzari
Fedhas
Gozag
Kikubaaqudgha
Makhleb
Nemelex Xobeh
Okawaru
Pakellas
Qazlal
Sif Muna
Trog
Vehumet
Xom
Yredelemnul
Zin
The Shining One

Shops:
D:5 *   D:7 *

Annotations:
Lair:1 Nergalle


Innate Abilities, Weirdness & Mutations

You are resistant to damage.
You can recharge devices by infusing magical energy.
You passively map the area around you.
You do not regenerate naturally.
You tend to lose your temper in combat.
You occasionally shout uncontrollably at your foes.
Your muscles are strong. (Str +2)


Message History

* * * LOW HITPOINT WARNING * * *
The hippogriff closely misses you. The wolf bites you but does no damage.
The wolf bites you.
* * * LOW HITPOINT WARNING * * *
You block the wolf's attack.
You hit the wolf.
The wolf is heavily wounded.
You hit the hippogriff.
The hippogriff is moderately wounded.
You hit the wolf but do no damage.
The wolf is heavily wounded.
You slash the wolf!
The wolf is severely wounded.
The wolf bites you!
* * * LOW HITPOINT WARNING * * *
You block the wolf's attack. The wolf barely misses you.
You block the hippogriff's attack. The hippogriff barely misses you.
The hippogriff claws you but does no damage.
The wolf barely misses you. The wolf bites you!
You die...

#.###.##.......# ,
#..#...........#
*#.............# ,
#.............# ,,,,
##.............# ....
#..............# #....
#..............###....
#.#.........#P...##....
*#..h@..........#.....
#.#hhH............... *
##.....##..P###...... *
#..####.#........... *
, ...#* #...........#.)
... #...........#..
....* #.............. *
,..$.. *
#.............. ,, ,
#.............#


You could see a hippogriff and 3 wolves.

Vanquished Creatures
  Urug (Lair:1)
  Pikel (D:7)
  A spiny frog (Lair:1)
  Grinder (D:4)
  5 yaks
  A hippogriff (Lair:1)
  3 water moccasins
  Duvessa (D:4)
  2 black bears
  2 ice beasts
  2 orc warriors
  2 sky beasts
  A slave (D:5)
  2 phantoms
  Purgy (Sewer)
  2 centaurs
  7 ogres
  2 crocodiles (D:8)
  2 big kobolds
  4 giant frogs
  Dowan (D:4)
  A water moccasin skeleton (D:8)
  2 howler monkeys (D:8)
  7 wights
  3 crimson imps
  2 giant frog zombies (D:6)
  5 hounds
  2 jellies
  9 orc wizards
  3 orc priests
  Crazy Yiuf (D:6)
  3 centaur skeletons
  2 giant frog skeletons
  3 iguanas (D:7)
  7 worker ants
  2 sheep (D:8)
  A hound skeleton (D:5)
  A worker ant zombie (D:5)
  4 gnolls (D:4)
  6 adders
  2 shadow imps
  A worm (D:3)
  2 dart slugs (D:1)
  4 giant geckos
  22 orcs
  2 ball pythons
  8 bats
  4 giant cockroaches
  3 goblins
  2 hobgoblins
  12 jackals
  2 quokkas (D:3)
  4 giant newts
  22 kobolds
  A quokka skeleton (D:5)
  16 rats
215 creatures vanquished.

Vanquished Creatures (others)
  A crimson imp (D:5)
  An orc wizard (D:5)
  A giant gecko (D:4)
  A fungus (D:6)
4 creatures vanquished.

Grand Total: 219 creatures vanquished

Notes
Turn   | Place    | Note
--------------------------------------------------------------
     0 | D:1      | tyranidshit the Deep Dwarf Necromancer began the quest for the Orb.
     0 | D:1      | Reached XP level 1. HP: 15/15 MP: 3/3
   156 | D:1      | Reached XP level 2. HP: 22/22 MP: 1/4
   357 | D:1      | Reached skill level 5 in Necromancy
   664 | D:2      | Reached skill level 1 in Fighting
   733 | D:2      | Found a basalt altar of Yredelemnul.
   952 | D:2      | Reached XP level 3. HP: 24/31 MP: 5/5
  1186 | D:3      | Reached skill level 2 in Fighting
  1186 | D:3      | Reached XP level 4. HP: 22/40 MP: 6/6
  1291 | D:3      | Found an opulent altar of Gozag.
  1432 | D:3      | Reached skill level 3 in Fighting
  1474 | D:3      | Reached skill level 10 in Fighting
  1474 | D:3      | Reached XP level 5. HP: 50/64 MP: 7/7
  1615 | D:4      | Reached XP level 6. HP: 14/73 MP: 8/8
  1675 | D:4      | Reached skill level 1 in Armour
  1760 | D:4      | Noticed Grinder
  1775 | D:4      | Killed Grinder
  1775 | D:4      | Reached XP level 7. HP: 34/80 MP: 9/9
  1968 | D:4      | Noticed Duvessa
  1972 | D:4      | Noticed Dowan
  1989 | D:4      | Killed Duvessa
  1990 | D:4      | Killed Dowan
  2015 | D:4      | Found a glowing drain.
  2026 | Sewer    | Entered a sewer
  2184 | Sewer    | Noticed Purgy
  2201 | Sewer    | Killed Purgy
  2469 | D:4      | Found a stormy altar of Qazlal.
  2704 | D:4      | Got a brightly glowing ring mail
  2715 | D:4      | Identified the +1 ring mail of Incorporation {rN+ Str+6} (You found it on level 4 of the Dungeon)
  2747 | D:5      | Entered Level 5 of the Dungeon
  2789 | D:5      | Reached skill level 1 in Shields
  2789 | D:5      | Reached XP level 8. HP: 31/88 MP: 10/10
  2805 | D:5      | Reached skill level 5 in Dodging
  3311 | D:5      | Found Qilloafoi's Assorted Antiques.
  3318 | D:5      | Bought a dazzling scale mail for 261 gold pieces
  3350 | D:5      | Identified the +2 scale mail of the Barracuda {Str+5} (You bought it in a shop on level 5 of the Dungeon)
  3437 | D:5      | Noticed Pikel
  3778 | D:6      | Found a deep blue altar of Sif Muna.
  3817 | D:6      | Reached skill level 5 in Armour
  3901 | D:6      | Noticed Crazy Yiuf
  3908 | D:6      | Killed Crazy Yiuf
  4039 | D:5      | Gained mutation: You passively map the area around you. [Deep Dwarf growth]
  4039 | D:5      | Reached XP level 9. HP: 36/94 MP: 8/8
  4174 | D:6      | Found an ancient bone altar of Kikubaaqudgha.
  4403 | D:6      | Found a deep blue altar of Sif Muna.
  4462 | D:7      | Found a staircase to the Ecumenical Temple.
  4468 | Temple   | Entered the Ecumenical Temple
  4497 | Temple   | Became a worshipper of Makhleb the Destroyer
  4553 | D:7      | Killed Pikel
  4569 | D:7      | Gained mutation: You tend to lose your temper in combat. [potion of mutation]
  4569 | D:7      | Gained mutation: Your muscles are strong. (Str +2) [potion of mutation]
  4569 | D:7      | Gained mutation: You occasionally shout uncontrollably at your foes. [potion of mutation]
  4759 | D:7      | Found Zin's Purification Station.
  4762 | D:7      | Found a glowing silver altar of Zin.
  5001 | D:7      | Reached * piety under Makhleb
  5042 | D:7      | Found an iron altar of Okawaru.
  5269 | D:8      | Reached skill level 5 in Shields
  5451 | D:8      | Found a staircase to the Lair.
  5476 | D:8      | Reached XP level 10. HP: 53/103 MP: 6/6
  5593 | D:8      | Reached ** piety under Makhleb
  5956 | D:8      | Found a sparkling altar of Nemelex Xobeh.
  6264 | Lair:1   | Entered Level 1 of the Lair of Beasts
  6357 | D:5      | Bought a runed war axe for 101 gold pieces
  6549 | Lair:1   | Noticed Nergalle
  6561 | Lair:1   | Noticed Urug
  6584 | Lair:1   | Noticed a spiny frog
  6593 | Lair:1   | Killed a spiny frog
  6604 | Lair:1   | Noticed a seven-headed hydra
  6651 | Lair:1   | HP: 3/103 [Urug/war axe (9)]
  6653 | Lair:1   | Killed Urug
  6730 | Lair:1   | Slain by a wolf

Skill      XL: |  1  2  3  4  5  6  7  8  9 10 |
---------------+-------------------------------+-----
Necromancy     | 5 |  5.0
Fighting       | 1 2 10 | 10.7
Armour         | 2 4 5 7 8 |  8.4
Dodging        | 3 4 5 7 8 |  8.6
Shields        | 1 3 5 7 |  7.1
Stealth        | |  2.4
Spellcasting   | |  1.9

Action                   |  1- 3 |  4- 6 |  7- 9 | 10-12 || total
-------------------------+-------+-------+-------+-------++-------
Melee: Unarmed           |    24 |       |       |       ||    24
       Dagger            |    31 |    58 |   208 |       ||   297
       Hand axe          |       |    55 |   257 |       ||   312
       Blowgun           |       |       |     1 |       ||     1
       Whip              |       |       |   112 |   173 ||   285
       War axe           |       |       |       |    10 ||    10
 Fire: Blowgun           |       |       |    39 |       ||    39
 Cast: Pain              |    23 |       |       |       ||    23
 Abil: Device Recharging |       |       |     6 |     1 ||     7
Evoke: Wand              |       |     6 |    27 |     7 ||    40
  Use: Scroll            |     8 |     2 |     9 |     5 ||    24
       Potion            |     2 |     4 |     6 |     1 ||    13
 Stab: Sleeping          |     3 |     1 |     1 |       ||     5
  Eat: Bread ration      |     1 |       |       |       ||     1
       Meat ration       |       |       |     3 |     1 ||     4
       Pizza             |       |       |       |     1 ||     1
       Beef jerky        |       |       |       |     1 ||     1
Armor: Robe              |    13 |    19 |       |       ||    32
       Scale mail        |       |    40 |   301 |    81 ||   422
       Ring mail         |       |       |    35 |       ||    35
       Skin              |       |       |       |    36 ||    36
Dodge: Dodged            |    61 |    99 |   338 |   101 ||   599
Block: Shield            |       |       |   280 |   154 ||   434
